 Dungeon Crawl Stone Soup version 0.30.1-3-gfc49f6343a (webtiles) character file.

Game seed: 9667838508704646019

719831 drcrypt the Conqueror (level 27, -1/387 (409) HPs)
             Began as a Minotaur Fighter on July 23, 2023.
             Was an Initiate of Gozag.
             Slain by a water elemental (9 damage)
             ... summoned by an elemental wellspring
             ... on level 3 of Cocytus on July 25, 2023.
             The game lasted 05:49:18 (65371 turns).

drcrypt the Conqueror (Minotaur Fighter)           Turns: 65371, Time: 05:49:20

HP:   -1/387 (409)  AC: 48    Str: 34    XL:     27
MP:   23/23         EV: 21    Int:  8    God:    Gozag
Gold: 4212          SH: 23    Dex: 14    Spells: 26/26 levels left

rFire   + + .        e - +6 broad axe of Dominance {vamp, rElec Str+2 SInv}
rCold   + + +        V - +5 kite shield {rC+}
rNeg    + + +        A - +15 plate armour "Yvoecug" {Dex+4}
rPois   +            H - +1 hat "Ceacomim" {rN+ Will+ Regen+}
rElec   +            u - +2 cloak of Knowledge {rF- Will++ rCorr Dex-3}
rCorr   +            s - +1 pair of gloves of Understanding {rElec Stlth+}
SInv    +            Z - +2 pair of boots {rampage}
Will    +++++        t - amulet "Selulev" {Acrobat -Cast rElec rF+ rC++} Stlth
                     w - ring of Lies {rPois rF++ AC+4 Slay+5}
HPRegen 1.64/turn    T - ring of Zibbes {Drain rN++ Will+ Int+3}
MPRegen 0.18/turn

%: no spellcasting, acrobat, rampage
@: berserking (expiring), gold aura, hasted, studying 2 skills, drained, unable
to drink, quick
A: horns 2, retaliatory headbutt, hooves 1, deformed body, low MP 2, subdued
magic 2
}: 5/15 runes: barnacled, slimy, silver, abyssal, gossamer
a: Renounce Religion, Potion Petition, Call Merchant, Bribe Branch


You were on level 3 of Cocytus.
You worshipped Gozag.
Gozag was most pleased with you.
You visited 14 branches of the dungeon, and saw 60 of its levels.
You visited the Abyss 1 time.
You also visited: Ossuary, Ice Cave and Desolation.

You collected 16151 gold pieces.
You spent 2698 gold pieces at shops.
You donated 123 gold pieces to Zin.
You paid 9118 gold pieces to Gozag.

Inventory:

Hand Weapons
 e - the +6 broad axe of Dominance (weapon) {vamp, rElec Str+2 SInv}
   (You acquired it on level 12 of the Dungeon)

   Str:       It affects your strength (+2).
   rElec:     It insulates you from electricity.
   SInv:      It lets you see invisible.
Missiles
 c - 8 atropa-tipped darts
 k - 15 silver javelins
 o - 64 poisoned darts (quivered)
Armour
 s - the +1 pair of gloves of Understanding (worn) {rElec Stlth+}
   (Okawaru gifted it to you on level 3 of the Spider Nest)

   rElec:     It insulates you from electricity.
   Stlth:     It makes you more stealthy.
 u - the +2 cloak of Knowledge (worn) {rF- Will++ rCorr Dex-3}
   (You bought it in a shop on level 2 of the Orcish Mines)

   Dex:       It affects your dexterity (-3).
   rF:        It makes you vulnerable to fire.
   rCorr:     It protects you from acid and corrosion.
   Will:      It greatly increases your willpower.
 y - the +3 scale mail "Kioxal" {-Tele rF++ rC+ Will+++}
   (You found it in the Desolation of Salt)

   rF:        It greatly protects you from fire.
   rC:        It protects you from cold.
   -Tele:     It prevents most forms of teleportation.
   Will:      It greatly increases your willpower.
 A - the +15 plate armour "Yvoecug" (worn) {Dex+4}
   (You found it in the Desolation of Salt)

   Dex:       It affects your dexterity (+4).
 E - a scarf of invisibility
 H - the +1 hat "Ceacomim" (worn) {rN+ Will+ Regen+}
   (Okawaru gifted it to you on level 4 of the Lair of Beasts)

   rN:        It protects you from negative energy.
   Regen:     It increases your rate of health regeneration.
   Will:      It increases your willpower.
 V - a +5 kite shield of cold resistance (worn)
 Z - a +2 pair of boots of rampaging (worn)
Jewellery
 g - the ring "Qanu" {Will++ Str+5 Dex+6 Stlth-}
   (You found it on level 5 of the Pits of Slime)

   [ring of dexterity]

   Str:       It affects your strength (+5).
   Dex:       It affects your dexterity (+6).
   Will:      It greatly increases your willpower.
   Stlth:     It makes you less stealthy.
 t - the amulet "Selulev" (around neck) {Acrobat -Cast rElec rF+ rC++}
   (You acquired it on level 3 of the Vaults)

   [amulet of the acrobat]

   It increases your evasion while moving and waiting.
   rF:        It protects you from fire.
   rC:        It greatly protects you from cold.
   rElec:     It insulates you from electricity.
   -Cast:     It prevents spellcasting.
 w - the ring of Lies (left hand) {rPois rF++ AC+4 Slay+5}
   (You found it on level 3 of the Dungeon)

   [ring of protection]

   AC:        It affects your AC (+4).
   Slay:      It affects your accuracy & damage with ranged weapons and melee
   (+5).
   rF:        It greatly protects you from fire.
   rPois:     It protects you from poison.
 D - the amulet "Upnuroth" {RegenMP +Blink Str+5}
   (You found it on level 3 of the Depths)

   [amulet of magic regeneration]

   It increases your rate of magic regeneration.
   Str:       It affects your strength (+5).
   +Blink:    It lets you blink.
 K - the macabre finger necklace {Finger+ rN+}
   (You took it off a draconian annihilator on level 2 of the Realm of Zot)

   [amulet of nothing]

   Finger+:   It enables you to equip an extra ring.
   rN:        It protects you from negative energy.
 M - the ring "Kuwi Wuo" {rPois rN+ Dex+3}
   (You found it on level 3 of the Crypt)

   [ring of positive energy]

   Dex:       It affects your dexterity (+3).
   rPois:     It protects you from poison.
   rN:        It protects you from negative energy.
 T - the ring of Zibbes (right hand) {Drain rN++ Will+ Int+3}
   (You found it in the Desolation of Salt)

   [ring of willpower]

   Int:       It affects your intelligence (+3).
   rN:        It greatly protects you from negative energy.
   Drain:     It drains your maximum health when unequipped.
   Will:      It increases your willpower.
 X - the ring "Naelivadu" {rF+ rN+ Will+ Str+3}
   (You took it off a vampire mage on level 3 of the Crypt)

   [ring of positive energy]

   Str:       It affects your strength (+3).
   rF:        It protects you from fire.
   rN:        It protects you from negative energy.
   Will:      It increases your willpower.
 Y - a ring of magical power
Wands
 m - a wand of polymorph (42)
 p - a wand of flame (30)
 v - a wand of iceblast (50)
 z - a wand of paralysis (72)
 O - a wand of acid (23)
 Q - a wand of mindburst (42)
 W - a wand of digging (24)
Scrolls
 a - 11 scrolls of enchant weapon
 b - 7 scrolls of amnesia
 f - 18 scrolls of magic mapping
 i - 7 scrolls of poison
 q - 15 scrolls of fog
 r - 27 scrolls of teleportation
 C - 11 scrolls of fear
 I - 8 scrolls of blinking
 N - 4 scrolls of brand weapon
 P - 7 scrolls of enchant armour
 S - 4 scrolls of silence
Potions
 d - 8 potions of might
 h - a potion of magic
 l - 26 potions of curing
 n - 8 potions of flight
 x - 4 potions of resistance
 B - 6 potions of ambrosia
 F - 5 potions of cancellation
 G - 15 potions of heal wounds
 J - 15 potions of haste
 L - 4 potions of berserk rage
 U - 2 potions of invisibility
Miscellaneous
 R - the horn of Geryon


   Skills:
 O Level 27 Fighting
 - Level 17.8(18.0) Axes
 - Level 1.2(11.7) Maces & Flails
 - Level 2.8(12.0) Polearms
 + Level 12.7 Ranged Weapons
 + Level 13.0 Throwing
 O Level 27 Armour
 O Level 27 Dodging
 O Level 27 Shields
 - Level 10.6 Invocations
 - Level 10.4 Evocations


You had 26 spell levels left.
You didn't know any spells.
Your spell library contained the following spells:

 Spells                   Type           Power      Damage    Failure   Level
 Apportation              Tloc           0%         N/A       63%         1
 Kiss of Death            Conj/Necr      0%         2d5       63%         1
 Magic Dart               Conj           0%         1d3       63%         1
 Necrotise                Necr           0%         1d4       63%         1
 Sandblast                Erth           0%         2d4       63%         1
 Shock                    Conj/Air       0%         1d3       63%         1
 Slow                     Hex            0%         N/A       63%         1
 Sting                    Tmut/Pois      0%         1d3       63%         1
 Summon Small Mammal      Summ           0%         N/A       63%         1
 Blink                    Tloc           0%         N/A       78%         2
 Call Imp                 Summ           0%         N/A       78%         2
 Cigotuvi's Dreadful Rot  Necr/Pois/Air  0%         N/A       78%         2
 Lesser Beckoning         Tloc           0%         N/A       78%         2
 Momentum Strike          Conj/Tloc      0%         3d8       78%         2
 Passwall                 Tmut/Erth      0%         N/A       78%         2
 Poisonous Vapours        Pois/Air       0%         N/A       78%         2
 Scorch                   Fire           0%         2d5       78%         2
 Sublimation of Blood     Necr           0%         N/A       78%         2
 Call Canine Familiar     Summ           0%         N/A       95%         3
 Confusing Touch          Hex            0%         N/A       95%         3
 Dazzling Flash           Conj/Hex       0%         N/A       95%         3
 Frozen Ramparts          Ice            0%         1d1       95%         3
 Gell's Gravitas          Tloc           0%         N/A       95%         3
 Ignite Poison            Fire/Tmut/Pois 0%         N/A       95%         3
 Inner Flame              Hex/Fire       0%         N/A       95%         3
 Mephitic Cloud           Conj/Pois/Air  0%         N/A       95%         3
 Ozocubu's Armour         Ice            0%         N/A       95%         3
 Portal Projectile        Hex/Tloc       0%         N/A       95%         3
 Spider Form              Tmut/Pois      0%         N/A       95%         3
 Stone Arrow              Conj/Erth      0%         3d7       95%         3
 Summon Guardian Golem    Hex/Summ       0%         N/A       95%         3
 Swiftness                Air            0%         N/A       95%         3
 Teleport Other           Tloc           0%         N/A       95%         3
 Vampiric Draining        Necr           0%         2d6       95%         3
 Vhi's Electric Charge    Tloc/Air       0%         N/A       95%         3
 Volatile Blastmotes      Fire/Tloc      0%         2d10      95%         3
 Airstrike                Air            0%         2d(0-16)  100%        4
 Anguish                  Hex/Necr       0%         N/A       100%        4
 Animate Armour           Summ/Erth      0%         N/A       100%        4
 Cause Fear               Hex            0%         N/A       100%        4
 Dispel Undead            Necr           0%         3d6       100%        4
 Flame Wave               Conj/Fire      0%         2d4       100%        4
 Ice Form                 Ice/Tmut       0%         N/A       100%        4
 Iskenderun's Mystic Bla  Conj/Tloc      0%         2d3       100%        4
 Leda's Liquefaction      Hex/Erth       0%         N/A       100%        4
 Olgreb's Toxic Radiance  Pois           0%         N/A       100%        4
 Petrify                  Tmut/Erth      0%         N/A       100%        4
 Sticky Flame             Conj/Fire      0%         2d3       100%        4
 Summon Ice Beast         Ice/Summ       0%         N/A       100%        4
 Alistair's Intoxication  Tmut/Pois      0%         N/A       100%        5
 Arcjolt                  Conj/Air       0%         1d10      100%        5
 Blade Hands              Tmut           0%         N/A       100%        5
 Borgnjor's Vile Clutch   Necr/Erth      0%         N/A       100%        5
 Fireball                 Conj/Fire      0%         3d3       100%        5
 Freezing Cloud           Conj/Ice/Air   0%         6-21      100%        5
 Irradiate                Conj/Tmut      0%         3d11      100%        5
 Iskenderun's Battlesphe  Conj           0%         2d6       100%        5
 Lee's Rapid Deconstruct  Erth           0%         3d4*      100%        5
 Metabolic Englaciation   Hex/Ice        0%         N/A       100%        5
 Summon Forest            Summ/Tloc      0%         N/A       100%        5
 Summon Mana Viper        Hex/Summ       0%         N/A       100%        5
 Yara's Violent Unravell  Hex/Tmut       0%         3d3       100%        5
 Eringya's Noxious Bog    Tmut/Pois      0%         N/A       100%        6
 Iron Shot                Conj/Erth      0%         9d1       100%        6
 Plasma Beam              Fire/Air       0%         2x1d11    100%        6
 Starburst                Conj/Fire      0%         6d3       100%        6
 Statue Form              Tmut/Erth      0%         N/A       100%        6
 Summon Cactus Giant      Summ           0%         N/A       100%        6
 Dragon Form              Tmut           0%         N/A       100%        7
 Enfeeble                 Hex            0%         N/A       100%        7
 Haunt                    Necr/Summ      0%         N/A       100%        7
 Malign Gateway           Summ/Tloc      0%         N/A       100%        7
 Monstrous Menagerie      Summ           0%         N/A       100%        7
 Ozocubu's Refrigeration  Ice            0%         4d7       100%        7
 Spellforged Servitor     Conj/Summ      0%         N/A       100%        7
 Summon Hydra             Summ           0%         N/A       100%        7
 Borgnjor's Revivificati  Necr           0%         N/A       100%        8
 Discord                  Hex            0%         N/A       100%        8
 Ignition                 Fire           0%         3d3       100%        8
 Infestation              Necr           0%         N/A       100%        8
 Lehudib's Crystal Spear  Conj/Erth      0%         10d2      100%        8
 Maxwell's Capacitive Co  Air            0%         ∞         100%        8
 Necromutation            Tmut/Necr      0%         N/A       100%        8
 Polar Vortex             Ice            0%         N/A       100%        9
 Animate Dead             Necr           Unusable   N/A       N/A         4
 Simulacrum               Ice/Necr       Unusable   N/A       N/A         6

Dungeon Overview and Level Annotations

Branches:
Dungeon (15/15)            Temple (1/1) D:4            Lair (5/5) D:11
 Shoals (4/4) Lair:2       Spider (4/4) Lair:3        Slime (5/5) Lair:4
    Orc (2/2) D:10            Elf (3/3) Orc:2        Vaults (5/5) D:14
  Crypt (3/3) Vaults:3       Tomb (0/3) Crypt:3      Depths (4/4) D:15
   Hell (visited)             Dis (0/7) Hell            Geh (0/7) Hell
    Coc (3/7) Hell            Tar (0/7) Hell            Zot (5/5) Depths:4
Ossuary (visited)           IceCv (visited)         Desolation (visited)

Altars:
Ashenzari
Cheibriados
Dithmenos
Elyvilon
Fedhas
Gozag
Hepliaklqana
Kikubaaqudgha
Makhleb
Nemelex Xobeh
Okawaru
Qazlal
Ru
Sif Muna
Trog
Uskayaw
Vehumet
Wu Jian
Xom
Yredelemnul
Zin
The Shining One
Jiyva

Shops:
D:1 =   D:2 =   D:4 =   D:5 (   D:10 (   Orc:2 :*=(   Elf:2 (   Shoals:2 *
Vaults:1 [   Vaults:2 [=   Vaults:5 ??!*![?[   Crypt:2 *(   Depths:1 *[

Portals:
Hell: Depths:1 Depths:2 Depths:3 Depths:4
Abyss: Depths:2 Depths:3
Pandemonium: Depths:1 Depths:2
Ziggurat: Depths:4

Annotations:
Depths:3 2 runed translucent doors


Innate Abilities, Weirdness & Mutations

You have a pair of horns on your head.
You reflexively headbutt those who attack you in melee.
You have large cloven feet.
Armour fits poorly on your strangely shaped body.
Your magical capacity is very low. (-20% MP)
Your spells are easier to cast, but less powerful.


Message History

The mass of ice explodes!
The seracfall engulfs you! You partially resist.
* * * LOW HITPOINT WARNING * * *
The hellion gestures at you.
The sphere of damnation explodes!
The damnation engulfs you!!
* * * LOW HITPOINT WARNING * * *
Water spirits pour forth from the elemental wellspring!
You rampage towards the elemental wellspring!
You enter the shallow water.
Moving in this stuff is going to be slow.
You feel a strong urge to attack something.
The water elemental disappears in a puff of smoke! x2
You block the water elemental's attack.
The water elemental completely misses you.
You furiously retaliate!
You headbutt the water elemental!!
You see here 8 gold pieces.
Your unstable footing causes you to fumble your attack.
Your unstable footing causes you to fumble your attack.
You block the water elemental's attack. x2
A torrent of water rises up through the elemental wellspring!
The torrent of water misses you.
The torrent of water passes through the water elemental. x2
The wave splashes down.
A torrent of water rises up through the elemental wellspring!
You block the torrent of water.
The wave splashes down.
You block the water elemental's attack.
Okay, then.
You chop the water elemental into pieces!!!
You headbutt the water elemental.
You destroy the water elemental!
The water elemental disappears in a puff of smoke!
You slash the water elemental! You closely miss the water elemental.
You slice the elemental wellspring!! You hit the elemental wellspring.
Your unstable footing causes you to fumble your attack.
You block the water elemental's attack.
Water spirits pour forth from the elemental wellspring!
You block the water elemental's attack.
Water spirits pour forth from the elemental wellspring!
The water elemental hits you!
You die...
Your body crumbles into a pile of gold.

# ### ≈≈≈ ###.#
≈≈≈≈≈###EE####
≈≈≈≈≈§EE@EE~~#
.$≈≈≈E≈EEE~~~~≈#
...2≈E≈Z≈...~~##
...R≈≈≈E≈...≈##
...≈≈≈≈≈~~..≈#
...≈≈≈~.~~...#
...≈≈~~.~~...#
..≈≈~~.......#


You could see a wendigo, 2 elemental wellsprings, 10 water elementals, a hellion
and an iron dragon simulacrum.

Vanquished Creatures
  the Royal Jelly (Slime:5)
  Dissolution (Slime:4)
  3 dread liches
  4 ancient liches
  4 orbs of fire
  Mennas (Vaults:2)
  A juggernaut (Zot:1)
  Sojobo (Vaults:2)
  Josephina (Depths:2)
  Vv (Vaults:3)
  2 Killer Klowns (Zot:5)
  Bai Suzhen (Vaults:2)
  6 shard shrikes
  2 caustic shrikes (Depths:3)
  Geryon (Hell)
  4 curse toes
  A profane servitor (Crypt:2)
  8 golden dragons
  2 bone dragons
  the Enchantress (Depths:1)
  Arachne (Spider:4)
  15 tentacled monstrosities
  A hellephant (Depths:1)
  4 Ice Fiends
  A shard shrike skeleton (Crypt:3)
  Rupert (Lair:5)
  Asterion (Spider:4)
  8 liches
  19 Orb Guardians (Zot:5)
  2 walking earthen tomes
  3 walking frostbound tomes (Depths:3)
  15 titans
  5 quicksilver dragons
  7 deep elf blademasters
  5 deep elf master archers
  9 ancient champions
  2 Executioners (Abyss:4)
  Polyphemus (Shoals:2)
  2 sphinxes
  11 acid blobs
  5 tengu reavers
  6 draconian monks
  A kraken (Shoals:4)
  9 tentacled starspawn
  12 death cobs
  16 storm dragons
  A nagaraja (Vaults:2)
  10 azure jellies
  A thorn hunter (Abyss:3)
  14 shadow dragons
  A nargun (Coc:3)
  2 revenants
  Kirke (D:13)
  9 draconian knights
  7 rockslimes
  A daeva (Abyss:3)
  20 fire giants
  20 vault wardens
  5 iron dragons
  Aizul (Depths:1)
  3 imperial myrmidons (Desolation)
  An emperor scorpion (Spider:3)
  6 deep elf elementalists
  4 draconian stormcallers
  Louise (Spider:4)
  A shard shrike simulacrum (Coc:3)
  6 ghost moths
  A caustic shrike zombie (Crypt:1)
  7 deep elf sorcerers
  4 curse skulls
  10 draconian scorchers
  13 draconian shifters
  6 draconian annihilators
  26 frost giants
  A broodmother (Spider:4)
  4 war gargoyles
  A balrug (Depths:1)
  2 orc warlords (Vaults:3)
  6 reapers
  6 ghouls
  5 cacodemons
  A caustic shrike skeleton (D:15)
  7 spriggan defenders
  12 quicksilver oozes
  26 stone giants
  8 ironbound thunderhulks
  22 ironbound preservers
  9 deep elf demonologists
  20 very ugly things
  6 green draconians
  13 vampire knights
  2 halazid warlocks (Desolation)
  9 red draconians
  14 black draconians
  9 deep elf annihilators
  Azrael (D:13)
  7 elemental wellsprings
  2 demonspawn black suns (Zot:3)
  15 purple draconians
  A wendigo (Coc:3)
  10 white draconians
  5 yellow draconians
  7 starcursed masses
  4 dire elephants
  A minotaur (Lair:4)
  9 eidola
  11 spark wasps
  3 green deaths
  10 deep elf death magi
  3 blizzard demons
  4 merfolk javelineers
  2 crystal guardians
  A quicksilver dragon zombie (Crypt:1)
  12 ettins
  6 fire dragons
  12 merfolk impalers
  11 deep elf high priests
  11 entropy weavers
  5 ragged hierophants (Desolation)
  17 jiangshi
  2 catoblepae
  A quicksilver dragon skeleton (Crypt:3)
  8 yaktaur captains
  A rakshasa (Abyss:3)
  2 hell beasts (Depths:4)
  6 ice dragons
  3 caustic shrike simulacra
  10 servants of whispers (Desolation)
  11 great orbs of eyes
  9 ironbound frosthearts
  43 vault guards
  4 hydras
  8 jorogumos
  7 centaur warriors
  8 peacekeepers
  6 boulder beetles
  3 juggernaut simulacra
  2 death knights
  2 ogre magi
  4 merfolk aquamancers (Shoals:4)
  The ghost of Patrick2011 the Arsonist, a journeyman DrFE of Hepliaklqana (Lair:4)
  3 alligator snapping turtles
  3 two-headed ogres
  8 merfolk avatars
  6 spriggan air magi
  38 dancing weapons
  3 radroaches
  8 deep troll earth magi
  Erica (Orc:1)
  9 deep troll shamans
  4 hell hogs
  5 thrashing horrors (Abyss:3)
  A two-headed ogre (shapeshifter) (Vaults:5)
  3 satyrs
  3 tengu warriors
  15 death yaks
  5 orc high priests
  6 vampire magi
  8 spriggan berserkers
  A titan zombie (Vaults:5)
  Urug (Lair:5)
  10 soul eaters
  21 deep elf knights
  7 sun demons
  3 sun moths
  Amaemon (Lair:3)
  18 hell knights
  7 shadow wraiths
  4 wretched stars
  5 pharaoh ants
  8 iron trolls
  32 skeletal warriors
  Lodul (D:12)
  A spark wasp zombie (D:15)
  8 sea snakes
  2 sixfirhies (Hell)
  56 deep trolls
  10 glowing orange brains
  6 skysharks
  2 bog bodies
  A quicksilver dragon simulacrum (Depths:2)
  26 ironbound convokers
  12 flayed ghosts
  16 deep elf archers
  9 steelbarb worms
  7 lindwurms
  A bunyip skeleton (Crypt:1)
  14 orb spiders
  A fenstrider witch simulacrum (Coc:1)
  31 harpies
  13 orc knights
  14 spriggan simulacra
  20 phantasmal warriors
  10 wizards
  A steelbarb worm (shapeshifter) (Vaults:5)
  44 deep elf pyromancers
  27 deep elf zephyrmancers
  A shadow dragon zombie (Crypt:2)
  28 wolf spiders
  An obsidian statue (IceCv)
  6 shining eyes
  12 necromancers
  A fire giant zombie (D:15)
  A tengu skeleton (Vaults:4)
  2 anaconda skeletons
  4 fauns
  A shadow dragon skeleton (Vaults:5)
  A wolf spider (shapeshifter) (Vaults:2)
  2 worldbinders
  18 cyclopes
  21 manticores
  5 orc sorcerers
  32 moths of wrath
  An eleionoma zombie (Crypt:2)
  42 ugly things
  8 guardian serpents
  A centaur zombie (Crypt:1)
  3 stone giant skeletons
  8 rust devils
  14 elephants
  3 black mambas
  A frost giant skeleton (Crypt:2)
  6 water nymphs
  An eye of devastation (Slime:1)
  8 smoke demons
  2 apocalypse crabs (Abyss:3)
  21 vault sentinels
  Maurice (Orc:2)
  11 torpor snails
  A water nymph (shapeshifter) (Vaults:2)
  12 demonic crawlers
  6 merfolk sirens
  3 molten gargoyles (Hell)
  A torpor snail (shapeshifter) (Vaults:5)
  15 cane toads
  5 orange demons
  A purple draconian zombie (Crypt:1)
  A titan simulacrum (Vaults:5)
  35 yaktaurs
  Maggie (D:10)
  A storm dragon simulacrum (Vaults:4)
  9 komodo dragons
  An unseen horror (D:11)
  A rime drake (Lair:1)
  4 hellions
  4 golden dragon simulacra
  5 tengu conjurers
  6 guardian mummies
  15 freezing wraiths
  2 anaconda simulacra
  2 red devils
  4 ancient zymes
  A grey draconian skeleton (Crypt:1)
  2 bunyip simulacra (Coc:2)
  A white draconian skeleton (Crypt:2)
  13 ice devils
  10 meliai
  6 trolls
  4 hellwings
  An iron giant simulacrum (Coc:2)
  A harpy zombie (Crypt:3)
  31 merfolk
  Prince Ribbit (D:8)
  12 hornets
  35 tarantellas
  7 polar bears
  36 blink frogs
  62 saltlings (Desolation)
  8 wind drakes
  7 raiju
  A merfolk (shapeshifter) (Vaults:5)
  A dream sheep (shapeshifter) (Depths:3)
  7 snapping turtles
  A harpy skeleton (Crypt:3)
  An iron dragon simulacrum (Coc:2)
  An ettin zombie (Crypt:1)
  A tengu simulacrum (Depths:2)
  84 slime creatures
  41 jumping spiders
  A culicivora (shapeshifter) (Elf:1)
  4 flying skulls
  29 large abominations
  An elf skeleton (Vaults:5)
  9 wraiths
  2 shadows
  2 air elementals
  18 culicivoras
  21 spriggans
  11 water elementals
  2 fire bats (Lair:1)
  3 vampires (D:11)
  5 humans
  3 wyverns
  A dire elephant simulacrum (IceCv)
  2 naga simulacra
  61 yaks
  5 chaos spawn
  2 basilisks
  6 fire elementals
  4 neqoxecs
  4 golden eyes (Abyss:4)
  A black mamba skeleton (Crypt:1)
  24 small abominations
  60 redbacks
  10 minotaur simulacra
  2 redbacks (shapeshifter)
  13 vampire mosquitoes
  4 naga zombies
  2 wargs (Elf:2)
  A glowing shapeshifter zombie (D:15)
  8 harpy simulacra
  A merfolk zombie (Crypt:2)
  An acid dragon (D:11)
  11 water moccasins
  2 floating eyes
  7 hell hounds
  2 hydra simulacra (IceCv)
  An entropy weaver zombie (Crypt:3)
  5 ettin simulacra
  2 ice beasts
  2 sky beasts
  6 black bears
  An alligator simulacrum (IceCv)
  28 orc warriors
  12 ogres
  13 boggarts
  23 wolves (Lair:5)
  5 centaurs
  3 phantoms
  3 kobold brigands
  11 bullfrogs
  A bullfrog (shapeshifter) (Vaults:5)
  3 necrophages
  2 earth elementals
  A gnoll sergeant (D:9)
  A demonspawn simulacrum (Coc:1)
  A salamander skeleton (Crypt:1)
  A yaktaur skeleton (Crypt:3)
  13 deep troll simulacra
  2 scorpions (D:5)
  4 wights (D:10)
  A queen bee zombie (Crypt:3)
  A polar bear skeleton (Crypt:1)
  8 killer bees
  7 howler monkeys
  An electric eel (Spider:1)
  A crimson imp (Abyss:1)
  12 orc priests
  3 hounds (D:5)
  8 human zombies
  3 jellies
  A black bear skeleton (Crypt:1)
  2 human skeletons (Crypt:1)
  3 iguanas
  19 orc wizards
  3 hell rats (Lair:4)
  15 mummies
  8 adders
  8 gnolls
  2 river rats
  A steam dragon zombie (Crypt:2)
  2 shadow imps
  4 white imps
  4 ufetubi
  4 adder zombies (Ossuary)
  5 worms
  5 dart slugs
  50 orcs
  9 endoplasms
  8 giant cockroaches
  2 gnoll zombies (Ossuary)
  6 goblins
  7 hobgoblins
  10 jackals (D:4)
  19 kobolds
  8 quokkas
  6 ball pythons
  2 bats
  2 frilled lizards (D:3)
  2 jackal zombies (Ossuary)
  A kobold zombie (Ossuary)
  2 orc zombies (Ossuary)
  A quokka skeleton (Crypt:3)
  A quokka zombie (Crypt:2)
  9 rats
  A rat skeleton (Crypt:1)
  A river rat skeleton (Crypt:2)
  6 spectral weapons
  11 starspawn tentacles
  4 tentacles (Shoals:4)
3030 creatures vanquished.

Vanquished Creatures (others)
  A curse toe (Zot:5)
  The ghost of cdecastro the Warrior, an adept DjFE of Ashenzari (Shoals:2)
  A vault warden (Vaults:2)
  A ghost moth (Spider:4)
  A deep elf annihilator (Vaults:2)
  A merfolk impaler (Shoals:4)
  2 caustic shrike simulacra (Coc:3)
  A merfolk aquamancer (Shoals:4)
  2 deep elf knights
  A spriggan simulacrum (Coc:3)
  A molten gargoyle (Desolation)
  A spark wasp simulacrum (Depths:2)
  A tengu simulacrum (Depths:2)
  A saltling (Desolation)
  An alligator snapping turtle simulacrum (Coc:3)
  A redback (Spider:2)
  A boggart (Vaults:1)
  An orc wizard (Orc:2)
  4 ball lightnings (Shoals:2)
  A lurking horror (Abyss:3)
  32 starspawn tentacles
  5 tentacles (Shoals:4)
62 creatures vanquished.

Grand Total: 3092 creatures vanquished

Notes
Turn   | Place    | Note
-------+----------+-------------------------------------------
     0 | D:1      | drcrypt the Minotaur Fighter began the quest for the Orb.
     0 | D:1      | Reached XP level 1. HP: 19/19 MP: 0/0
   128 | D:1      | Found Bois's Jewellery Shoppe.
   143 | D:1      | Reached XP level 2. HP: 27/27 MP: 1/1
   343 | D:1      | Reached skill level 1 in Dodging
   748 | D:2      | Reached XP level 3. HP: 33/33 MP: 2/2
   794 | D:2      | Found a shimmering altar of Xom.
  1087 | D:2      | Reached skill level 1 in Maces & Flails
  1087 | D:2      | Reached XP level 4. HP: 21/40 MP: 3/3
  1234 | D:2      | Found a faded altar of an unknown god.
  1237 | D:2      | Found Quluesiy's Jewellery Shoppe.
  1873 | D:3      | Identified the ring of Lies {rPois rF++ AC+4 Slay+5}
  1949 | D:3      | Noticed a phantom
  2006 | D:3      | Killed a phantom
  2007 | D:3      | Reached skill level 1 in Axes
  2007 | D:3      | Reached XP level 5. HP: 37/47 MP: 4/4
  2511 | D:4      | Found a staircase to the Ecumenical Temple.
  2526 | D:4      | Reached skill level 5 in Armour
  2526 | D:4      | Reached XP level 6. HP: 50/55 MP: 5/5
  2540 | Temple   | Entered the Ecumenical Temple
  2540 | Temple   | Found a transporter.
  2540 | Temple   | Found a transporter.
  2542 | Temple   | Found a transporter.
  2542 | Temple   | Found a transporter.
  2663 | Temple   | Became a worshipper of Warmaster Okawaru
  2695 | D:4      | Found Cocwamor's Jewellery Shoppe.
  2709 | D:4      | Reached skill level 5 in Fighting
  2709 | D:4      | Reached skill level 5 in Shields
  3229 | D:5      | Entered Level 5 of the Dungeon
  3246 | D:5      | Found a sand-covered staircase.
  3251 | Ossuary  | Entered an ossuary
  3272 | Ossuary  | Reached XP level 7. HP: 34/61 MP: 6/6
  3773 | D:5      | Found Gurchuet's Hydra Hut.
  3779 | D:5      | Reached * piety under Okawaru
  3839 | D:5      | Noticed a four-headed hydra
  4357 | D:6      | Reached XP level 8. HP: 67/70 MP: 7/7
  4460 | D:6      | Reached ** piety under Okawaru
  5204 | D:7      | Reached skill level 5 in Axes
  5204 | D:7      | Reached skill level 5 in Dodging
  5414 | D:7      | Found a broken altar of Ashenzari.
  5418 | D:7      | Found a bloodstained altar of Trog.
  5418 | D:7      | You fall into a shaft and drop 1 floor!
  5496 | D:7      | Reached XP level 9. HP: 72/79 MP: 8/8
  5500 | D:7      | Reached *** piety under Okawaru
  5670 | D:7      | Found a glowing silver altar of Zin.
  6451 | D:8      | Noticed Prince Ribbit
  6457 | D:8      | Killed Prince Ribbit
  7294 | D:9      | Reached **** piety under Okawaru
  7301 | D:9      | Reached XP level 10. HP: 90/90 MP: 9/9
  7927 | D:9      | Reached ***** piety under Okawaru
  8504 | D:10     | Entered Level 10 of the Dungeon
  8507 | D:10     | Found Uxzeu's Weapon Shoppe.
  8782 | D:10     | Noticed a two-headed ogre
  8788 | D:10     | Killed a two-headed ogre
  8788 | D:10     | Identified the +8 morningstar "Vutton" {drain, *Noise rCorr
                  | MP+9 Int-4} (Okawaru gifted it to you on level 10 of the
                  | Dungeon)
  8788 | D:10     | Received a gift from Okawaru
  8912 | D:10     | Noticed Maggie
  8916 | D:10     | Killed Maggie
  8963 | D:10     | Noticed a two-headed ogre
  8966 | D:10     | Killed a two-headed ogre
  8967 | D:10     | Reached XP level 11. HP: 90/99 MP: 10/10
  9043 | D:10     | Reached skill level 10 in Fighting
  9146 | D:10     | Found a staircase to the Orcish Mines.
  9576 | D:10     | Reached skill level 10 in Armour
  9788 | D:11     | Reached skill level 10 in Shields
  9810 | D:11     | Paralysed by a hornet for 3 turns
 10858 | D:11     | Found a staircase to the Lair.
 11052 | Lair:1   | Entered Level 1 of the Lair of Beasts
 11432 | Lair:1   | Reached ****** piety under Okawaru
 11437 | Lair:1   | Reached skill level 10 in Axes
 11437 | Lair:1   | Received a gift from Okawaru
 11437 | Lair:1   | Found the +12 pair of quick blades "Gyre" and "Gimble"
                  | {protect}
 11557 | Lair:1   | Noticed a fire dragon
 11590 | Lair:1   | Killed a fire dragon
 11591 | Lair:1   | Reached XP level 12. HP: 110/110 MP: 11/11
 12067 | Lair:2   | Noticed a death yak
 12068 | Lair:2   | Noticed a death yak
 12069 | Lair:2   | Noticed a death yak
 12070 | Lair:2   | Noticed a death yak
 12070 | Lair:2   | Noticed a death yak
 12070 | Lair:2   | Noticed a death yak
 12083 | Lair:2   | Killed a death yak
 12088 | Lair:2   | Killed a death yak
 12095 | Lair:2   | Killed a death yak
 12101 | Lair:2   | Killed a death yak
 12111 | Lair:2   | Killed a death yak
 12112 | Lair:2   | Reached skill level 10 in Dodging
 12116 | Lair:2   | Killed a death yak
 12132 | Lair:2   | Found a staircase to the Shoals.
 12380 | Lair:2   | Identified the +8 scimitar of Tipy {drain, rPois rCorr}
                  | (Okawaru gifted it to you on level 2 of the Lair of Beasts)
 12380 | Lair:2   | Received a gift from Okawaru
 12452 | Lair:2   | Reached skill level 1 in Throwing
 12455 | Lair:2   | Reached skill level 1 in Invocations
 12783 | Lair:3   | Noticed a death yak
 12784 | Lair:3   | Noticed a death yak
 12785 | Lair:3   | Noticed a death yak
 12793 | Lair:3   | Killed a death yak
 12802 | Lair:3   | Killed a death yak
 12803 | Lair:3   | Reached XP level 13. HP: 95/119 MP: 13/13
 12982 | Lair:3   | Received a gift from Okawaru
 12982 | Lair:3   | Noticed Amaemon
 13004 | Lair:3   | Killed Amaemon
 13551 | Lair:3   | Found a hole to the Spider Nest.
 13910 | Lair:4   | Found a staircase to the Slime Pits.
 13911 | Lair:4   | Found a viscous altar of Jiyva.
 13993 | Lair:4   | Identified the +3 morningstar of Runaiv {freeze, Will-
                  | Str+5} (Okawaru gifted it to you on level 4 of the Lair of
                  | Beasts)
 13993 | Lair:4   | Received a gift from Okawaru
 14025 | Lair:4   | Noticed a minotaur
 14046 | Lair:4   | Noticed Patrick2011's ghost (journeyman DrFE)
 14333 | Lair:4   | You fall into a shaft and drop 1 floor!
 14333 | Lair:5   | Entered Level 5 of the Lair of Beasts
 14384 | Lair:5   | Noticed Rupert
 14400 | Lair:5   | Killed Rupert
 14568 | Lair:5   | Received a gift from Okawaru
 14708 | Lair:5   | Reached XP level 14. HP: 119/129 MP: 16/16
 14967 | Lair:5   | Reached skill level 5 in Throwing
 15095 | Lair:5   | Reached skill level 5 in Invocations
 15143 | Lair:5   | Noticed Urug
 15164 | Lair:5   | Killed Urug
 15858 | Lair:5   | Got the Atlas of Creation and Shadows
 16191 | Lair:4   | Found a runed translucent gate.
 16192 | Lair:4   | Found a runed translucent gate.
 16193 | Lair:4   | Found a runed translucent gate.
 16521 | Lair:4   | Identified the +1 hat "Ceacomim" {rN+ Will+ Regen+}
                  | (Okawaru gifted it to you on level 4 of the Lair of Beasts)
 16521 | Lair:4   | Received a gift from Okawaru
 16530 | Lair:4   | Killed Patrick2011's ghost
 16713 | D:12     | Noticed Lodul
 16726 | D:12     | Killed Lodul
 16862 | D:12     | Found a sparkling altar of Nemelex Xobeh.
 17216 | D:12     | Identified a scroll of acquirement
 17216 | D:12     | Acquired the +6 broad axe of Dominance {vamp, rElec Str+2
                  | SInv}
 17286 | Orc:1    | Entered Level 1 of the Orcish Mines
 17286 | Orc:1    | Noticed Erica
 17288 | Orc:1    | Killed Erica
 17669 | Orc:2    | Entered Level 2 of the Orcish Mines
 17860 | Orc:2    | Noticed Maurice
 17869 | Orc:2    | Killed Maurice
 17952 | Orc:2    | Found a staircase to the Elven Halls.
 18421 | Orc:2    | Reached XP level 15. HP: 106/138 MP: 15/18
 18435 | Orc:2    | Found Wyxaarer's Antique Weapon Shoppe.
 18435 | Orc:2    | Found Fiplupoa's Jewellery Shop.
 18438 | Orc:2    | Found Juwomodgh's Book Shop.
 18438 | Orc:2    | Found Gimovuuhonn's Assorted Antiques.
 18453 | Orc:2    | Bought a heavily runed cloak for 256 gold pieces
 18453 | Orc:2    | Identified the +2 cloak of Knowledge {rF- Will++ rCorr
                  | Dex-3} (You bought it in a shop on level 2 of the Orcish
                  | Mines)
 18946 | D:1      | Bought the amulet of Buciciff {Faith rPois rC+ Dex+4} for
                  | 799 gold pieces
 19542 | Spider:1 | Entered Level 1 of the Spider Nest
 19547 | Spider:1 | Received a gift from Okawaru
 19631 | Spider:1 | Received a gift from Okawaru
 19967 | Spider:1 | Received a gift from Okawaru
 20491 | Spider:2 | Received a gift from Okawaru
 20607 | Spider:2 | Reached skill level 15 in Shields
 20631 | Spider:2 | Reached skill level 15 in Fighting
 20631 | Spider:2 | Reached skill level 15 in Armour
 20871 | Spider:3 | Noticed an emperor scorpion
 20875 | Spider:2 | Identified the +0 scale mail "Heped" {rC+ Regen+ Dex+3}
                  | (Okawaru gifted it to you on level 2 of the Spider Nest)
 20875 | Spider:2 | Received a gift from Okawaru
 20911 | Spider:3 | Killed an emperor scorpion
 21108 | Spider:3 | Reached XP level 16. HP: 141/149 MP: 13/21
 21403 | Spider:3 | Identified the +1 pair of gloves of Understanding {rElec
                  | Stlth+} (Okawaru gifted it to you on level 3 of the Spider
                  | Nest)
 21403 | Spider:3 | Received a gift from Okawaru
 21727 | Spider:4 | Entered Level 4 of the Spider Nest
 21802 | Spider:4 | Reached skill level 15 in Axes
 21834 | Spider:4 | Noticed Asterion
 21851 | Spider:4 | Killed Asterion
 22125 | Spider:4 | Noticed Louise
 22126 | Spider:4 | Noticed Arachne
 22159 | Spider:4 | Killed Louise
 22171 | Spider:4 | Killed Arachne
 22171 | Spider:4 | Received a gift from Okawaru
 22328 | Spider:4 | Received a gift from Okawaru
 22503 | Spider:4 | Received a gift from Okawaru
 22591 | Spider:4 | Received a gift from Okawaru
 22736 | Spider:4 | Identified the +3 short sword of Articulation {freeze,
                  | Str+5}
 22896 | Spider:4 | Reached XP level 17. HP: 125/150 MP: 23/23
 23006 | Spider:4 | Paralysed by a jorogumo for 2 turns
 23014 | Spider:4 | Received a gift from Okawaru
 23258 | Spider:4 | Got a gossamer rune of Zot
 23561 | Shoals:1 | Entered Level 1 of the Shoals
 23582 | Shoals:1 | Received a gift from Okawaru
 23617 | Shoals:1 | Identified the +5 spear "Uge Ela" {antimagic, *Noise rC++
                  | Dex+4} (Okawaru gifted it to you on level 1 of the Shoals)
 23617 | Shoals:1 | Received a gift from Okawaru
 23716 | Shoals:1 | Identified the +5 scale mail "Zunn" {rCorr Str+5}
 24047 | Shoals:1 | Reached skill level 10 in Invocations
 24119 | Shoals:1 | Received a gift from Okawaru
 24627 | Shoals:2 | Found a runed translucent door.
 24684 | Shoals:2 | Noticed Polyphemus
 24700 | Shoals:2 | Killed Polyphemus
 24746 | Shoals:2 | Found Zetysed's Overcharged Wands.
 24773 | Shoals:2 | Reached skill level 15 in Dodging
 24859 | Shoals:2 | Noticed cdecastro's ghost (adept DjFE)
 24865 | Shoals:2 | Killed cdecastro's ghost
 24907 | Shoals:2 | Got the Tractate on Phlogiston and Energy
 25378 | Shoals:2 | Received a gift from Okawaru
 25555 | Shoals:3 | Received a gift from Okawaru
 26324 | Shoals:4 | Entered Level 4 of the Shoals
 26455 | Shoals:4 | Identified the +10 falchion "Tormentor" {heavy, rC+ Will+}
 26504 | Shoals:4 | Noticed a kraken
 26522 | Shoals:4 | Killed a kraken
 26648 | Shoals:4 | Reached skill level 1 in Evocations
 26667 | Shoals:4 | Received a gift from Okawaru
 26687 | Shoals:4 | Reached XP level 18. HP: 157/169 MP: 20/24
 26705 | Shoals:4 | Got a barnacled rune of Zot
 27086 | Shoals:4 | Received a gift from Okawaru
 27758 | D:13     | Noticed Kirke
 27766 | D:13     | Killed Kirke
 27766 | D:13     | Received a gift from Okawaru
 28134 | D:13     | Noticed Azrael
 28148 | D:13     | Killed Azrael
 28987 | D:14     | Identified the +0 ring mail of Idaxot {Rampage rElec Will-
                  | SInv} (Okawaru gifted it to you on level 14 of the Dungeon)
 28987 | D:14     | Received a gift from Okawaru
 29185 | D:14     | Paralysed by an orc sorcerer for 5 turns
 29209 | D:14     | Found a gate to the Vaults.
 29488 | D:15     | Entered Level 15 of the Dungeon
 29804 | D:15     | Found a frozen archway.
 29857 | IceCv    | Entered an ice cave
 30004 | IceCv    | Identified the +8 hand axe "Oppovvai" {antimagic, Contam
                  | rElec rPois SInv}
 30254 | IceCv    | Noticed an Ice Fiend
 30297 | IceCv    | Killed an Ice Fiend
 30342 | IceCv    | Identified the +4 hat of Defiance {rN+ Dex+2 SInv}
 30465 | IceCv    | Reached XP level 19. HP: 175/177 MP: 25/25
 30468 | IceCv    | Received a gift from Okawaru
 30585 | IceCv    | Got Sif Muna's Reference Book on Putridity and Bones
 30697 | D:15     | Found a staircase to the Depths.
 30733 | D:15     | Reached skill level 5 in Evocations
 31074 | Depths:1 | Entered Level 1 of the Depths
 31141 | Vaults:1 | Entered Level 1 of the Vaults
 31189 | Vaults:1 | Received a gift from Okawaru
 31480 | Vaults:1 | Found Zufruep's Armour Emporium.
 31525 | Vaults:1 | Identified the +4 chain mail of Hairiness {rN++}
 31850 | Vaults:1 | Identified the +5 hand axe of Wiwomp {heavy, rN+ Str+4}
 32257 | Vaults:1 | Received a gift from Okawaru
 32412 | Vaults:2 | Noticed Mennas
 32425 | Vaults:2 | Noticed Bai Suzhen
 32427 | Vaults:2 | Killed Mennas
 32446 | Vaults:2 | Killed Bai Suzhen
 32523 | Vaults:2 | Found Wecziaroen's Jewellery Shop.
 32681 | Vaults:2 | Found Oresop's Armour Shoppe.
 32740 | Vaults:2 | Received a gift from Okawaru
 33078 | Vaults:2 | Identified the +0 chain mail "Nuokib" {rElec rN++}
 33303 | Vaults:2 | Identified the +1 pair of boots of the Loofah {Regen+}
                  | (Okawaru gifted it to you on level 2 of the Vaults)
 33303 | Vaults:2 | Received a gift from Okawaru
 33445 | Vaults:2 | Reached XP level 20. HP: 189/189 MP: 26/26
 33502 | Vaults:2 | Paralysed by a floating eye for 2 turns
 33663 | Vaults:2 | Identified the +5 long sword "Keraaroc" {flame, MP-9 Dex+6
                  | Stlth+}
 33762 | Vaults:2 | Noticed Sojobo
 33799 | Vaults:2 | Killed Sojobo
 34086 | Vaults:3 | Received a gift from Okawaru
 34102 | Vaults:3 | Got Sif Muna's Vellum of the Pyre
 34115 | Vaults:3 | Acquired the amulet "Selulev" {Acrobat -Cast rElec rF+
                  | rC++}
 34385 | Vaults:3 | Found a staircase to the Crypt.
 34580 | Vaults:3 | You are sucked into a shaft and drop 1 floor!
 35306 | Vaults:3 | Received a gift from Okawaru
 35504 | Vaults:4 | Reached XP level 21. HP: 201/201 MP: 27/27
 36026 | Vaults:4 | Identified the +8 spear of Law {flame, rC+} (Okawaru gifted
                  | it to you on level 4 of the Vaults)
 36026 | Vaults:4 | Received a gift from Okawaru
 36687 | Elf:1    | Entered Level 1 of the Elven Halls
 37077 | Elf:1    | Received a gift from Okawaru
 37279 | Elf:1    | Found a crumbling gateway.
 37296 | Desolati | Entered the Desolation of Salt
 37335 | Desolati | Received a gift from Okawaru
 37406 | Desolati | Reached skill level 10 in Evocations
 37437 | Desolati | Received a gift from Okawaru
 37464 | Desolati | Identified the +7 battleaxe of Accidental Termination
                  | {drain, Int-4 Dex+3}
 37473 | Desolati | Identified the ring of Zibbes {Drain rN++ Will+ Int+3}
 37807 | Desolati | Identified the +3 scale mail "Kioxal" {-Tele rF++ rC+
                  | Will+++}
 37808 | Desolati | Identified the +4 trident "Taiqofij" {freeze, +Blink rPois}
 37823 | Desolati | Identified the +15 plate armour "Yvoecug" {Dex+4}
 37826 | Desolati | Identified the +4 dagger of Mutilation {flame, rF- Will-
                  | Int+8 Dex+7}
 37945 | Desolati | Got the Elucidation of Reason
 37952 | Desolati | Got the Grimoire of Torrid Enchantment
 38524 | Elf:2    | Reached XP level 22. HP: 211/211 MP: 28/28
 38549 | Elf:2    | Identified the +3 ring mail of Hijeol {rF+ Str+3} (Okawaru
                  | gifted it to you on level 2 of the Elven Halls)
 38549 | Elf:2    | Received a gift from Okawaru
 38654 | Elf:2    | Found a runed translucent gate.
 38654 | Elf:2    | Found a runed translucent gate.
 38654 | Elf:2    | Found a runed translucent gate.
 38754 | Elf:2    | Found Gapom's Weapon Shoppe.
 39529 | Elf:3    | Entered Level 3 of the Elven Halls
 39907 | Elf:3    | Identified the +0 quarterstaff of Honour {protect, rC+}
 39977 | Elf:3    | Received a gift from Okawaru
 40612 | Elf:3    | Found the +8 storm bow {elec, penet}
 40731 | Elf:3    | Identified the +2 leather armour of Efyer {Harm Str+3}
 40788 | Elf:3    | Identified the ring of Tomorrow {Ice rN+ Str+2 Dex+3}
 40814 | Elf:3    | Reached skill level 1 in Ranged Weapons
 40825 | Elf:3    | Got Ciheosis's Octavo of Transformation
 40830 | Elf:3    | Identified the +3 sling of Poverty {drain, rElec}
 40850 | Elf:3    | Got the Discourse on the Chilled Wyrd
 40886 | Elf:3    | Identified the staff of air "Nuoleoc" {Contam rElec rPois
                  | Will+}
 40990 | Elf:3    | Identified the +1 hand axe of Esibb {flame, Fly rF- rC-
                  | Str+4} (Okawaru gifted it to you on level 3 of the Elven
                  | Halls)
 40990 | Elf:3    | Received a gift from Okawaru
 41602 | D:15     | Found a staircase to the Depths.
 42133 | Depths:1 | Identified the +6 chain mail of Syoxzi {rElec Int+3 Slay-6}
 42297 | Depths:1 | Found a gateway to Hell.
 42339 | Depths:1 | Found a one-way gate leading to the halls of Pandemonium.
 42419 | Depths:1 | Found a stormy altar of Qazlal.
 42511 | Depths:1 | Found Fumess's Assorted Antiques.
 42513 | Depths:1 | Noticed Aizul
 42533 | Depths:1 | Killed Aizul
 42560 | Depths:1 | Bought a brightly glowing plate armour for 784 gold pieces
 42560 | Depths:1 | Identified the +3 plate armour of Lugonu's Whim {*Slow rF+
                  | Will++ Regen+} (You bought it in a shop on level 1 of the
                  | Depths)
 42562 | Depths:1 | Found Rishyqut's Armour Shop.
 42954 | Depths:2 | Noticed the Enchantress
 43007 | Depths:1 | Killed the Enchantress
 43076 | Depths:2 | Reached XP level 23. HP: 216/223 MP: 29/29
 43093 | Depths:2 | Identified the ring "Guahinn" {Ice *Slow rElec Will+}
 43093 | Depths:2 | Noticed Josephina
 43225 | Depths:2 | Killed Josephina
 43233 | Depths:2 | Received a gift from Okawaru
 43552 | Depths:2 | Found a one-way gate to the infinite horrors of the Abyss.
 43584 | Depths:2 | Found a hide-covered altar of Uskayaw.
 43917 | Arena    | Entered the Arena
 43942 | Depths:3 | Paralysed by a floating eye for 4 turns
 44006 | Depths:3 | Noticed a caustic shrike
 44020 | Depths:3 | Killed a caustic shrike
 44021 | Depths:3 | Noticed a caustic shrike
 44042 | Depths:3 | Killed a caustic shrike
 44052 | Depths:3 | Received a gift from Okawaru
 44087 | Depths:3 | Identified the +7 short sword of the Present {venom, Int+2
                  | Dex+4}
 44293 | Depths:3 | Received a gift from Okawaru
 44387 | Depths:3 | Found a runed translucent door.
 44390 | Depths:3 | Found a runed translucent door.
 44390 | Depths:3 | Found a runed translucent door.
 44596 | Depths:3 | Identified the amulet "Upnuroth" {RegenMP +Blink Str+5}
 44596 | Depths:3 | Identified the staff of fire "Yclijifa" {rPois rF+}
 45015 | Depths:4 | Entered Level 4 of the Depths
 45035 | Depths:4 | Received a gift from Okawaru
 45153 | Depths:4 | Paralysed by a floating eye for 4 turns
 45160 | Arena    | Entered the Arena
 45428 | Depths:4 | Received a gift from Okawaru
 45462 | Depths:4 | Found a gate to the Realm of Zot.
 45463 | Depths:4 | Identified the +5 long sword of Painful Death {heavy,
                  | *Corrode rN+ Will+}
 45500 | Depths:4 | Reached XP level 24. HP: 231/235 MP: 29/29
 45758 | Depths:4 | Noticed an ancient lich
 45759 | Depths:4 | Found a one-way gateway to a ziggurat.
 46367 | Vaults:5 | Entered Level 5 of the Vaults
 46415 | Vaults:5 | Received a gift from Okawaru
 46574 | Vaults:5 | Identified the +2 broad axe of Spring {pain, rCorr}
                  | (Okawaru gifted it to you on level 5 of the Vaults)
 46574 | Vaults:5 | Received a gift from Okawaru
 46638 | Vaults:5 | Noticed an ancient lich
 46657 | Vaults:5 | Killed an ancient lich
 46978 | Vaults:5 | Found Perianoq's Antique Armour Shoppe.
 46989 | Vaults:5 | Got a silver rune of Zot
 47086 | Vaults:5 | Noticed an ancient lich
 47098 | Vaults:5 | Killed an ancient lich
 47298 | Vaults:5 | Found Pismoum's Magic Scroll Shop.
 47308 | Vaults:5 | Bought a scroll of blinking for 172 gold pieces
 47308 | Vaults:5 | Bought a scroll of magic mapping for 172 gold pieces
 47341 | Vaults:5 | Received a gift from Okawaru
 47373 | Vaults:5 | Found Onuetevi's Magic Scroll Boutique.
 47660 | Vaults:5 | Found Gougyll's Distillery.
 47664 | Vaults:5 | Bought a potion of heal wounds for 60 gold pieces
 47664 | Vaults:5 | Bought a potion of haste for 120 gold pieces
 47664 | Vaults:5 | Bought a potion of haste for 120 gold pieces
 47708 | Vaults:5 | Found Rewuf Fupn's Magic Scroll Shoppe.
 47780 | Vaults:5 | Found Dirgh's General Store.
 47780 | Vaults:5 | Found Ytsuleso's Distillery.
 47784 | Vaults:5 | Bought a potion of heal wounds for 75 gold pieces
 47788 | Vaults:5 | Bought a potion of heal wounds for 70 gold pieces
 47788 | Vaults:5 | Bought a potion of heal wounds for 70 gold pieces
 47796 | Vaults:5 | Found Ogog's Antique Armour Shoppe.
 47824 | Vaults:5 | Noticed an ancient lich
 47827 | Vaults:5 | Killed an ancient lich
 48332 | Lair:4   | Found a viscous altar of Jiyva.
 48333 | Lair:4   | Found a staircase to the Slime Pits.
 48598 | Temple   | Fell from the grace of Okawaru
 48598 | Temple   | Became a worshipper of the Shining One
 48716 | D:7      | Fell from the grace of the Shining One
 48716 | D:7      | Became a worshipper of Zin the Law-Giver
 48716 | D:7      | Reached * piety under Zin
 48716 | D:7      | Reached ** piety under Zin
 48975 | Crypt:1  | Entered Level 1 of the Crypt
 49006 | Crypt:1  | Was placed under penance by Zin
 49050 | Crypt:1  | Noticed Vv
 49066 | Crypt:1  | Fell from the grace of Zin
 49449 | Temple   | Became a worshipper of Gozag Ym Sagoz the Greedy
 50082 | Vaults:3 | Killed Vv
 50228 | Crypt:1  | Reached XP level 25. HP: 248/248 MP: 29/29
 51526 | Crypt:2  | Found a basalt altar of Yredelemnul.
 51560 | Crypt:2  | Identified the staff of conjuration "Gidap" {rF++ rC-}
 51585 | Crypt:2  | Identified the staff of cold "Hunim" {rC+ Int+3 Dex+3}
 51701 | Crypt:2  | Found an ancient bone altar of Kikubaaqudgha.
 52242 | Crypt:3  | Entered Level 3 of the Crypt
 52732 | Crypt:3  | Identified the ring "Naelivadu" {rF+ rN+ Will+ Str+3}
 52829 | Crypt:3  | Noticed a dread lich
 52840 | Crypt:3  | Killed a dread lich
 52845 | Crypt:3  | Noticed an ancient lich
 52858 | Crypt:3  | Killed an ancient lich
 52880 | Crypt:3  | Got Buzel's Incunable of Skeletons
 52883 | Crypt:3  | Identified the staff of conjuration "Malilic" {+Blink rN+
                  | Will-}
 52885 | Crypt:3  | Identified the amulet "Feinu" {Regen+ Dex+6}
 52885 | Crypt:3  | Identified the ring "Kuwi Wuo" {rPois rN+ Dex+3}
 52891 | Crypt:3  | Identified the +1 sling of Iniarches {elec, Contam rCorr
                  | Int+7 SInv}
 53108 | Crypt:3  | Was forgiven by Okawaru
 53136 | Crypt:3  | Found a staircase to the Tomb.
 53795 | Depths:2 | Voluntarily entered the Abyss.
 54032 | Abyss:1  | Found a corrupted altar of Lugonu.
 54239 | Abyss:3  | Gained mutation: You are clumsy. (Dex -2) [a neqoxec]
 54245 | Abyss:3  | Gained mutation: Armour fits poorly on your strangely
                  | shaped body. [a neqoxec]
 54374 | Abyss:3  | Gained mutation: Your body sometimes deteriorates upon
                  | taking damage. [a neqoxec]
 54376 | Abyss:3  | Gained mutation: You occasionally lose the ability to drink
                  | potions when taking damage. [a neqoxec]
 54835 | Abyss:4  | Reached XP level 26. HP: 264/264 MP: 29/29
 54835 | Abyss:4  | Gained mutation: Your magical capacity is low. (-10% MP) [a
                  | cacodemon]
 54931 | Abyss:4  | Reached skill level 27 in Fighting
 54938 | Abyss:4  | Got an abyssal rune of Zot
 55009 | Abyss:4  | Gained mutation: You occasionally shout uncontrollably at
                  | your foes. [a neqoxec]
 55011 | Abyss:4  | Gained mutation: You frequently scream uncontrollably at
                  | your foes. [a shining eye]
 55012 | Abyss:4  | Lost mutation: You occasionally lose the ability to drink
                  | potions when taking damage. [a shining eye]
 55015 | Abyss:4  | Gained mutation: Your spells are a little easier to cast,
                  | but a little less powerful. [a shining eye]
 55156 | Abyss:5  | Found a corrupted altar of Lugonu.
 55205 | Depths:2 | Escaped the Abyss
 55442 | Slime:1  | Entered Level 1 of the Pits of Slime
 55593 | Slime:5  | Entered Level 5 of the Pits of Slime
 55619 | Slime:5  | Noticed the Royal Jelly
 55624 | Slime:5  | Noticed Dissolution
 55690 | Slime:4  | Gained mutation: You have hidden genetic defects. [a
                  | shining eye]
 55979 | Slime:4  | Gained mutation: Your spells are easier to cast, but less
                  | powerful. [a shining eye]
 55984 | Slime:4  | Gained mutation: You occasionally lose the ability to read
                  | scrolls when taking damage. [a shining eye]
 55991 | Slime:4  | Killed Dissolution
 56143 | Slime:5  | Killed the Royal Jelly
 56412 | Slime:5  | Identified the staff of poison "Nic Voe" {rPois rC+ rN+
                  | Str-3}
 56439 | Slime:5  | Got a slimy rune of Zot
 56474 | Slime:5  | Got the Tome of Formation and Earth
 56479 | Slime:5  | Identified the +4 longbow of the Swamp {heavy, rElec rCorr
                  | Stlth-}
 56487 | Slime:5  | Got Vurchoump's Handbook of Helpful Misery
 56499 | Slime:5  | Identified the ring "Qanu" {Will++ Str+5 Dex+6 Stlth-}
 56537 | Slime:5  | Identified the staff of cold "Mikkuw" {rPois rC+ Str+3}
 56887 | Slime:2  | Gained mutation: Your magical capacity is very low. (-20%
                  | MP) [a shining eye]
 56899 | Slime:2  | Gained mutation: You are frail. (-10% HP) [a shining eye]
 57102 | Slime:1  | Gained mutation: You sometimes lose the ability to read
                  | scrolls when taking damage. [hidden defects]
 57768 | Zot:1    | Entered Level 1 of the Realm of Zot
 57778 | Zot:1    | Noticed a juggernaut
 57803 | Zot:1    | Killed a juggernaut
 58545 | Zot:1    | Gained mutation: You sometimes lose your temper in combat.
                  | [hidden defects]
 58545 | Zot:1    | Lost mutation: You have hidden genetic defects. [hidden
                  | defects expressed]
 58893 | Zot:2    | Identified the +6 spear of Nettuat {heavy, Str+6 Int-2
                  | Dex+5}
 58895 | Zot:2    | Found a transporter.
 58897 | Zot:2    | Identified the amulet of Wuabriam {Rampage Regen+ Dex+4
                  | Slay+2}
 58903 | Zot:2    | Noticed an orb of fire
 59073 | Zot:2    | Noticed a dread lich
 59086 | Zot:2    | Found a shimmering blue altar of Sif Muna.
 59136 | Zot:2    | Gained mutation: Your spells are much easier to cast, but
                  | much less powerful. [an orb of fire]
 59139 | Zot:2    | Gained mutation: You have an uncontrollable temper. [an orb
                  | of fire]
 59149 | Zot:2    | Lost mutation: You sometimes lose the ability to read
                  | scrolls when taking damage. [an orb of fire]
 59150 | Zot:2    | Killed an orb of fire
 59154 | Zot:2    | Reached skill level 27 in Shields
 59157 | Zot:2    | Reached XP level 27. HP: 245/245 MP: 23/23
 59167 | Zot:2    | Killed a dread lich
 59168 | Zot:2    | Reached skill level 27 in Armour
 59221 | Zot:2    | Found a transporter.
 59317 | Zot:2    | Identified the +4 sling of the Ten Leylines {flame, Fragile
                  | rElec rF+ Int+7}
 59846 | Zot:3    | Noticed an orb of fire
 59867 | Zot:3    | Gained mutation: You occasionally lose the ability to drink
                  | potions when taking damage. [an orb of fire]
 59877 | Zot:3    | Killed an orb of fire
 59903 | Zot:3    | Got the Spellbook of The Black Sun
 60599 | Zot:4    | Reached skill level 27 in Dodging
 60952 | Zot:5    | Entered Level 5 of the Realm of Zot
 61092 | Zot:5    | Noticed an orb of fire
 61094 | Zot:5    | Gained mutation: You are very clumsy. (Dex -4) [an orb of
                  | fire]
 61096 | Zot:5    | Noticed an orb of fire
 61100 | Zot:5    | Gained mutation: You are very frail. (-20% HP) [an orb of
                  | fire]
 61110 | Zot:5    | Killed an orb of fire
 61111 | Zot:5    | Reached skill level 5 in Ranged Weapons
 61118 | Zot:5    | Gained mutation: You are dopey. (Int -2) [an orb of fire]
 61138 | Zot:5    | Gained mutation: You do not regenerate when monsters are
                  | visible. [an orb of fire]
 61139 | Zot:5    | Killed an orb of fire
 61310 | Zot:5    | Noticed a dread lich
 61323 | Zot:5    | Killed a dread lich
 61697 | Hell     | Entered the Vestibule of Hell
 61700 | Hell     | Gained mutation: Potions are less effective at restoring
                  | your health. [a cacodemon]
 61702 | Hell     | Noticed Geryon
 61708 | Hell     | Reached skill level 10 in Throwing
 62165 | Lair:2   | Lost mutation: You occasionally lose the ability to drink
                  | potions when taking damage. [potion of mutation]
 62165 | Lair:2   | Lost mutation: You are very frail. (-20% HP) [potion of
                  | mutation]
 62165 | Lair:2   | Lost mutation: You frequently scream uncontrollably at your
                  | foes. [potion of mutation]
 62165 | Lair:2   | Lost mutation: You have an uncontrollable temper. [potion
                  | of mutation]
 62165 | Lair:2   | Lost mutation: You are frail. (-10% HP) [potion of
                  | mutation]
 62607 | Depths:1 | Lost mutation: You are very clumsy. (Dex -4) [potion of
                  | mutation]
 62607 | Depths:1 | Lost mutation: Your body sometimes deteriorates upon taking
                  | damage. [potion of mutation]
 62607 | Depths:1 | Gained mutation: You have sharp toenails. [potion of
                  | mutation]
 62791 | Hell     | Killed Geryon
 62792 | Hell     | Reached skill level 10 in Ranged Weapons
 63034 | Hell     | Found a gateway to the freezing wastes of Cocytus.
 63145 | Hell     | Found a gateway to the decaying netherworld of Tartarus.
 63274 | Hell     | Found a gateway to the ashen valley of Gehenna.
 63364 | Hell     | Found a gateway to the Iron City of Dis.
 63458 | Depths:1 | Lost mutation: You occasionally shout uncontrollably at
                  | your foes. [potion of mutation]
 63458 | Depths:1 | Lost mutation: You are clumsy. (Dex -2) [potion of
                  | mutation]
 63458 | Depths:1 | Lost mutation: You are dopey. (Int -2) [potion of mutation]
 63458 | Depths:1 | Lost mutation: You sometimes lose your temper in combat.
                  | [potion of mutation]
 63458 | Depths:1 | Gained mutation: You are strong-willed. (Will+) [potion of
                  | mutation]
 63493 | Coc:1    | Entered Level 1 of Cocytus
 63938 | Coc:2    | HP: 5/273 [elemental wellspring/torrent of water (31)]
 64681 | Slime:5  | Lost mutation: Your spells are much easier to cast, but
                  | much less powerful. [potion of mutation]
 64681 | Slime:5  | Lost mutation: You have sharp toenails. [potion of
                  | mutation]
 64681 | Slime:5  | Lost mutation: You occasionally lose the ability to read
                  | scrolls when taking damage. [potion of mutation]
 64681 | Slime:5  | Gained mutation: You are somewhat resistant to further
                  | mutation. [potion of mutation]
 64682 | Slime:5  | Lost mutation: Potions are less effective at restoring your
                  | health. [potion of mutation]
 64682 | Slime:5  | Lost mutation: You are somewhat resistant to further
                  | mutation. [potion of mutation]
 64682 | Slime:5  | Gained mutation: You have hidden genetic potential. [potion
                  | of mutation]
 64683 | Slime:5  | Lost mutation: You have hidden genetic potential. [potion
                  | of mutation]
 64683 | Slime:5  | Lost mutation: You do not regenerate when monsters are
                  | visible. [potion of mutation]
 64683 | Slime:5  | Lost mutation: You are strong-willed. (Will+) [potion of
                  | mutation]
 64683 | Slime:5  | Gained mutation: You have large cloven feet. [potion of
                  | mutation]
 65366 | Coc:3    | HP: 4/387 [hellion/damnation (23)]
 65371 | Coc:3    | Slain by a water elemental

Illustrated notes

Levels and vault maps discovered:
D:1:      dpeg_arrival_erosion, layout_rooms, serial_shops,
          nicolae_shop_gaudy_bauble, kennysheep_small_spiral
D:2:      layout_loops_ring, basic_altar, nicolae_ecumenical_oubliette,
          serial_shops, nicolae_shop_gaudy_bauble, hangedman_decor_growths,
          minivault_14, kennysheep_flooded_box
D:3:      layout_loops_corners, serial_bayou_ford_a
D:4:      layout_basic, minmay_temple_entry_sparse_star, serial_shops,
          nicolae_take_the_stairs
D:5:      layout_rooms, enter_ossuary_2, doesnt_shop_hydraphobe
D:6:      layout_loops_ring, gup_sewer_entry_spiral
D:7:      layout_basic, grunt_temple_overflow_open, minmay_starry_boxes
D:8:      layout_loops_corners, roderic_serpentine_path, uniq_prince_ribbit1
D:9:      layout_stronghold, hangedman_abyss_or_decor_stagger
D:10:     layout_loops_corners, orc_0_dummy, enter_bailey_7, serial_shops,
          nicolae_diamond_shop, grunt_decor_arrowhead,
          chequers_serial_rivers_small_b, uniq_maggie
D:11:     layout_stronghold, lair_entry_dummy
D:12:     layout_rooms, nemelex_diamond_rough_becter, uniq_lodul
D:13:     layout_basic, minmay_shattered_shrine, uniq_azrael, uniq_kirke
D:14:     layout_roguey, grunt_vaults_entry_fortified,
          chequers_serial_rivers_micro_c, evilmike_minifort
D:15:     gammafunk_depths_entry_grave, layout_irregular_city,
          small_statue_intersection, portal_ice_cave_entry_ice_simulacra,
          nicolae_figureground_sparkle
Temple:   hellmonk_temple_divided_pantheon
Lair:1:   dragon1_lemuel, layout_long_grid
Lair:2:   layout_hall_layers, minmay_shoals_entry_lonely_mermaid,
          eino_small_chamber_without_monster
Lair:3:   layout_concentric_octagons, spider_nest_entry_webs,
          grunt_megastairs_3, serial_bayou_shore_a, uniq_amaemon
Lair:4:   layout_small_grid, slime_entry_1, maelrawn_ghost_gauntlet_escape,
          kennysheep_abandoned_house, serial_bayou_shore_b
Lair:5:   minmay_lair_end_enchanted_forest, layout_regular_city,
          chequers_serial_rivers_large_a, grunt_megastairs_1, uniq_urug,
          uniq_rupert
Shoals:1: layout_shoals, st_shoals_ruin
Shoals:2: layout_shoals, ebering_ghost_reflecting_pool,
          nicolae_shop_overcharged_wands, uniq_polyphemus
Shoals:3: layout_shoals, nicolae_shoals_siren_and_animal_friends
Shoals:4: shoals_end_grunt_ice, layout_shoals
Spider:1: nicolae_spider_obnoxious_hallway
Spider:2: layout_spider_delve, nicolae_spider_cling_halls
Spider:3: layout_spider_delve
Spider:4: johnstein_spider_rune_arachne_lair, uniq_asterion, uniq_louise
Slime:1:  layout_caves, cheibrodos_slime_lost_civilization_7
Slime:2:  layout_caves
Slime:3:  layout_caves
Slime:4:  layout_caves
Slime:5:  uniq_dissolution
Orc:1:    layout_diamond_mine, bh_open_orc_temple, uniq_erica
Orc:2:    grunt_orc_tribal_feast, layout_diamond_mine, uniq_maurice
Elf:1:    eino_elf_arrival_sip, layout_geoelf_octagon,
          portal_desolation_entry_nicolae_slug, minivault_28, minivault_28
Elf:2:    elven_hall_of_blades_hangedman_original [nicolae_blade_little_rooms],
          layout_geoelf_octagon, serial_shops, shop, st_stairs_8, drop_trap,
          grunt_megastairs_2, lemuel_elevator
Elf:3:    minmay_elf_hall_curves, layout_loops_cross, minmay_elf_demonology
Vaults:1: vaults_room_fours, hangedman_vaults_unwind, v_rooms_2,
          vaults_dpeg_emergency_exit, nicolae_vaults_wrenched,
          vaults_room_corners, vaults_room_pool, serial_ice_b,
          ontoclasm_vaults_ring_square, layout_vaults_quadrants, serial_shops,
          nicolae_square_shop
Vaults:2: mu_enter_wizlab_4, st_greater_box_3, hangedman_vaults_trim,
          nicolae_vaults_taking_the_gang_shopping, v_rooms_6,
          ontoclasm_vaults_spin, nicolae_vaults_trapezoid_lopsided_3,
          vaults_dpeg_doors, dpeg_vaults_monster_row, nicolae_vaults_house_1,
          grunt_vaults_hallway_short, nicolae_vaults_mini_display_case,
          v_misc_17, layout_vaults_omnibox, serial_shops, shop, uniq_mennas,
          uniq_sojobo, uniq_bai_suzhen
Vaults:3: minmay_crypt_entry_simple_corners, nicolae_vaults_border_crossing,
          vaults_dpeg_cross, nicolae_vaults_apartment_2,
          nicolae_vaults_variable_pillar_hall, nicolae_vaults_ellipses_ellipsis,
          nicolae_vaults_diamond_1, nicolae_vaults_octothorpe,
          nicolae_vaults_layer_cake_slice, v_misc_17, vaults_room_door_ring,
          nicolae_vaults_apartment_2, v_misc_10, vaults_room_door_hall,
          layout_vaults_omnicross
Vaults:4: v_misc_19, hangedman_vaults_nodes, nicolae_vaults_closet_pinwheel_3,
          nicolae_vaults_tetromino_L_1, vaults_room_stairs_pillars, v_pattern_3,
          nicolae_vaults_offset_grid_hallway_2, v_misc_11,
          nicolae_vaults_what_the_h, nicolae_vaults_rhombus_5, vaults_mumra_hex,
          vaults_dpeg_hooks, layout_vaults_chaotic_city
Vaults:5: serial_shops
Crypt:1:  layout_misc_corridors, grunt_crypt_arrival_guarded_gate, uniq_vv
Crypt:2:  gammafunk_crypt_yreds_forest, layout_misc_corridors, basic_altar
Crypt:3:  david_glass_crypt, layout_misc_corridors,
          nicolae_tomb_entry_grand_gallery, st_stairs_12, hex_large
Depths:1: layout_honeycomb, kennysheep_cross_room, hell_entry,
          rand_demon_pan_entry_3, minmay_statues_item, grunt_qazlal_clouds,
          minmay_shop_star, uniq_aizul
Depths:2: kennysheep_cluttered_fort, layout_cave_pools,
          nicolae_abyss_entry_one_way_or_another, rand_demon_pan_entry_1,
          grunt_hell_entry_dis_mu, lemuel_tele_altar,
          infiniplex_staircase_pillars_1, uniq_josephina, uniq_enchantress
Depths:3: minmay_the_grid_four_pointed_star
          [minmay_the_grid_triangle_9x9_limited_checkers,
          minmay_the_grid_triangle_9x9_fully_insulated_deathbox,
          minmay_the_grid_triangle_9x9_skeleton,
          minmay_the_grid_triangle_9x9_flanged_cone,
          minmay_the_grid_prize_four_corners_diamond_a], layout_honeycomb,
          abyss_entry, hell_entry, infiniplex_staircase_pool_1
Depths:4: grunt_zot_entry_tricorne, layout_cave_pools, enter_ziggurat_c,
          nrook_campfire, grunt_mini_vestibule, amcnicky_mini_corridor_feature
Hell
Coc:1:    layout_ice_bergs
Coc:2:    layout_ice_bergs
Coc:3:    layout_ice_bergs
Zot:1:    ebering_greatest_show_in_zot, layout_twisted_circle
Zot:2:    gammafunk_sealed_library, layout_onion_interference
Zot:3:    dreamdust_black_sun_cult, layout_basic
Zot:4:    layout_misc_corridors, hangedman_zot_decor_unnerving_road,
          grunt_megastairs_5
Zot:5:    layout_twisted_circle, st_stairs_8

Skill      XL: |  1  2  3  4  5  6  7  8  9 10 11 12 13 14 15 16 17 18 19 20 21 22 23 24 25 26 27 |
---------------+----------------------------------------------------------------------------------+-----
Dodging        | 1 2 3 4 5 6 8 9 10 11 12 13 14 15 16 17 18 19 20 21 22 23 24 27 | 27.0
Armour         | 4 5 6 7 8 9 11 12 13 14 15 16 17 18 19 20 22 23 24 25 26 27 | 27.0
Fighting       | 4 5 6 7 8 9 11 12 13 14 15 16 17 18 20 22 23 24 26 27 | 27.0
Shields        | 4 5 6 7 8 9 11 12 13 14 15 16 17 18 19 20 21 22 23 24 25 27 | 27.0
Maces & Flails | 1 |  1.2
Axes           | 1 2 4 5 7 8 10 11 12 13 14 15 16 17 | 17.8
Throwing       | 2 4 6 13 | 13.0
Invocations    | 1 4 6 8 9 10 | 10.6
Evocations     | 1 4 7 8 10 | 10.4
Ranged Weapons | 1 12 | 12.7
Polearms       | |  2.8

Action                     |  1- 3 |  4- 6 |  7- 9 | 10-12 | 13-15 | 16-18 | 19-21 | 22-24 | 25-27 || total
---------------------------+-------+-------+-------+-------+-------+-------+-------+-------+-------++-------
  Melee: Trident           |    53 |       |       |   160 |       |       |       |       |       ||   213
         Headbutt          |     6 |    22 |    37 |   140 |   275 |   369 |   404 |   535 |  1018 ||  2806
         Mace              |    33 |    29 |       |       |       |       |       |       |       ||    62
         Hand axe          |       |    95 |   218 |   326 |   623 |       |       |       |       ||  1262
         Broad axe         |       |       |       |       |   454 |  1287 |  1314 |  1631 |  2814 ||  7500
  Throw: Dart              |       |       |       |       |     1 |     4 |       |     1 |       ||     6
 Invoke: Heroism           |       |       |       |       |     4 |    11 |     5 |     8 |       ||    28
         Finesse           |       |       |       |       |     2 |    10 |     4 |     5 |       ||    21
         Duel              |       |       |       |       |       |       |       |     2 |       ||     2
         Potion Petition   |       |       |       |       |       |       |       |       |    10 ||    10
         Call Merchant     |       |       |       |       |       |       |       |       |     2 ||     2
Ability: Evoke Invisibilit |       |       |       |       |       |     1 |       |       |       ||     1
         Evoke Blink       |       |       |       |       |       |       |       |     2 |       ||     2
    Use: Scroll            |       |       |    11 |    10 |     9 |     5 |     2 |     9 |     1 ||    47
         Potion            |       |       |       |       |     2 |     3 |       |     2 |     7 ||    14
   Stab: Distracted        |       |       |       |       |       |       |       |     2 |    22 ||    24
 Armour: Scale mail        |    29 |    69 |    98 |    15 |       |    82 |   263 |       |       ||   556
         Plate armour      |       |       |       |   275 |   485 |   542 |     9 |   646 |  1093 ||  3050
  Dodge: Dodged            |    20 |    70 |   112 |   158 |   453 |   703 |   572 |   671 |  1387 ||  4146
  Block: Buckler           |    18 |    28 |    52 |    17 |       |       |       |       |       ||   115
         Kite shield       |       |       |       |   216 |   637 |   890 |   635 |  1194 |  2652 ||  6224
         Tower shield      |       |       |       |       |       |   177 |    59 |       |       ||   236
